 Dungeon Crawl Stone Soup version 0.26.1-11-gd32895ea62 (webtiles) character file.

Game seed: 6083392117591158301

183 Fusha the Sneak (level 5, 0/39 HPs)
             Began as a Human Brigand on June 3, 2021.
             Was an Initiate of Gozag.
             Shot with an arrow by a centaur (6 damage)
             ... on level 2 of the Dungeon.
             The game lasted 00:30:23 (3038 turns).

Fusha the Sneak (Human Brigand)                     Turns: 3038, Time: 00:30:24

Health: 0/39       AC:  9    Str: 11    XL:     5   Next: 94%
Magic:  5/5        EV:  5    Int: 12    God:    Gozag
Gold:   135        SH:  0    Dex: 15    Spells: 4/4 levels left

rFire    . . .     SeeInvis .   a - +2 dagger
rCold    . . .     Faith    .   (no shield)
rNeg     . . .     Spirit   .   n - +0 chain mail
rPois    .         Reflect  .   (no helmet)
rElec    .         Harm     .   c - +0 cloak
rCorr    .         Rampage  .   (no gloves)
Will     .....                  (no boots)
Stlth    ..........             (no amulet)
HPRegen  0.13/turn              (no ring)
MPRegen  0.09/turn              (no ring)

@: invisible
A: no striking features
a: Renounce Religion, Potion Petition, Call Merchant, Bribe Branch


You were on level 2 of the Dungeon.
You worshipped Gozag.
Gozag was aware of your devotion.
You visited 1 branch of the dungeon, and saw 2 of its levels.

You collected 154 gold pieces.
You paid 19 gold pieces to Gozag.

Inventory:

Hand Weapons
 a - a +2 dagger (weapon)
Missiles
 e - 2 curare-tipped darts
 k - 5 boomerangs
 o - 6 poisoned darts (quivered)
Armour
 c - a +0 cloak (worn)
 f - a +0 leather armour
 n - a +0 chain mail (worn)
Scrolls
 d - 2 scrolls of teleportation {unknown}
 g - 2 scrolls of immolation {unknown}
 h - 5 scrolls of identify {unknown}
 j - a scroll of remove curse {unknown}
Potions
 b - 2 potions of invisibility
 i - a potion of heal wounds {unknown}
 l - a potion of resistance {unknown}
 m - a potion of curing {unknown}


   Skills:
 + Level 2.5 Fighting
 + Level 3.2 Short Blades
 + Level 2.6 Throwing
 - Level 1.0 Armour
 + Level 1.8 Dodging
 + Level 5.3 Stealth


You had 4 spell levels left.
You didn't know any spells.
Your spell library was empty.

Dungeon Overview and Level Annotations

Branches:
Dungeon (2/15)

Altars:
Gozag


Message History

The centaur shoots an arrow.
The arrow hits you!
You see here an arrow.
The centaur shoots an arrow.
The arrow hits you!
You see here an arrow.
The centaur shoots an arrow.
The arrow hits you but does no damage.
You see here an arrow.
The centaur shoots an arrow.
The arrow hits you!
You see here an arrow.
The centaur shoots an arrow.
The arrow hits you but does no damage.
The centaur shoots an arrow.
The arrow hits you.
* * * LOW HITPOINT WARNING * * *
You see here 2 arrows.
The centaur shoots an arrow.
The arrow hits you.
* * * LOW HITPOINT WARNING * * *
You see here an arrow.
It was a potion of invisibility.
You fade into invisibility!
The centaur shoots an arrow.
The arrow hits you.
You die...
Your body crumbles into a pile of gold.

#.....##...#.##.#.#....#####
##.#.......................#
###..#.##.....###.#.#........#
#....#.##.#.#.# #.#..........#
#....#.##.#.#.# #.##.........#
#.....<##.#...# #.##.........#
##...####.....# #.##.........#
###..##.....>.####............#
##.......####...@((((.(.(......#
...#..######......#.##c........#
................###..##........#
.............##.# #..###..######
#........##.###.###... .#.#
....................###c#.#
.........#.####..#### #.#.#
.........#.# ##.# ....#
...#######.# .# . ..#


You could see a centaur.

Vanquished Creatures
  A bullfrog skeleton (D:2)
  A jelly (D:2)
  Terence (D:2)
  5 adders
  A worm (D:2)
  A leopard gecko (D:1)
  A giant cockroach (D:1)
  10 goblins
  3 hobgoblins
  2 jackals (D:1)
  9 kobolds
  A quokka (D:2)
  6 bats
  3 frilled lizards (D:2)
  9 rats
54 creatures vanquished.

Notes
Turn   | Place    | Note
-------+----------+-------------------------------------------
     0 | D:1      | Fusha the Human Brigand began the quest for the Orb.
     0 | D:1      | Reached XP level 1. HP: 16/16 MP: 1/1
   174 | D:1      | Reached XP level 2. HP: 10/22 MP: 2/2
   891 | D:1      | Reached XP level 3. HP: 25/27 MP: 3/3
  1733 | D:2      | Reached skill level 5 in Stealth
  1733 | D:2      | Reached XP level 4. HP: 27/34 MP: 4/4
  2204 | D:2      | Noticed a centaur
  2250 | D:2      | Reached XP level 5. HP: 39/39 MP: 5/5
  2310 | D:2      | Found an opulent altar of Gozag.
  2323 | D:2      | Became a worshipper of Gozag Ym Sagoz the Greedy
  2716 | D:2      | Noticed Terence
  2772 | D:2      | Killed Terence
  2773 | D:2      | Reached skill level 1 in Armour
  3038 | D:2      | Shot with an arrow by a centaur

Illustrated notes

Levels and vault maps discovered:
D:1:      eino_arrival_cavern_b, layout_basic, st_stairs_7,
          minmay_misc_feat_tower
D:2:      layout_rooms, overflow_temple_1_default, minmay_large_rounded_square,
          uniq_terence

Skill      XL: |  1  2  3  4  5 |
---------------+----------------+-----
Stealth        | 5 |  5.3
Short Blades   | 3 |  3.2
Armour         | 1 |  1.0
Fighting       | |  2.5
Throwing       | |  2.6
Dodging        | |  1.8

Action                   |  1- 3 |  4- 6 || total
-------------------------+-------+-------++-------
Melee: Dagger            |    96 |    83 ||   179
Throw: Dart              |     1 |     8 ||     9
       Boomerang         |     1 |    20 ||    21
  Use: Potion            |       |     1 ||     1
 Stab: Sleeping          |     4 |     7 ||    11
Armor: Robe              |    11 |       ||    11
       Leather armour    |     9 |    16 ||    25
       Chain mail        |       |     4 ||     4
Dodge: Dodged            |    38 |    32 ||    70
